 Dungeon Crawl Stone Soup version 0.24.0-35-gdb84b6a5db (webtiles) character file.

Game seed: 8931578700846747348, levelgen mode: deterministic

3665 poirepourri the Blocker (level 10, -3/65 HPs)
             Began as a Gargoyle Fighter on Nov 18, 2019.
             Was a Believer of Okawaru.
             Killed by divine providence
             ... invoked by an orc priest
              (11 damage)
             ... on level 8 of the Dungeon.
             The game lasted 00:08:09 (7174 turns).

poirepourri the Blocker (Gargoyle Fighter)          Turns: 7174, Time: 00:08:09

Health: -3/65      AC: 27    Str: 19    XL:     10   Next: 12%
Magic:  10/10      EV:  8    Int: 10    God:    Okawaru [**....]
Gold:   349        SH: 12    Dex: 12    Spells: 9/9 levels left

rFire    . . .     SeeInvis .   p - +0 flail (protect)
rCold    . . .     Gourm    .   c - +0 shield
rNeg     + . .     Faith    .   b - +0 scale mail
rPois    ∞         Spirit   .   (no helmet)
rElec    +         Reflect  .   d - +2 cloak
rCorr    .         Harm     .   m - +1 pair of gloves
MR       .....                  y - +0 pair of boots
Stlth    ..........             (no amulet)
HPRegen  0.20/turn              t - ring of wizardry
MPRegen  0.12/turn              (no ring)

@: protection aura
A: negative energy resistance 1, electricity resistance, unbreathing,
petrification resistance, rot immunity, AC +7
a: Heroism, Renounce Religion


You were on level 8 of the Dungeon.
You worshipped Okawaru.
Okawaru was pleased with you.
You were not hungry.

You visited 2 branches of the dungeon, and saw 9 of its levels.

You collected 349 gold pieces.

Inventory:

Hand Weapons
 a - a +2 flail
 p - a +0 flail of protection (weapon)
Missiles
 k - 104 bolts
 r - 4 boomerangs (quivered)
Armour
 b - a +0 scale mail (worn)
 c - a +0 shield (worn)
 d - a +2 cloak (worn)
 i - a scarf of spirit shield
 m - a +1 pair of gloves (worn)
 y - a +0 pair of boots (worn)
Jewellery
 t - a ring of wizardry (left hand)
 z - an uncursed ring of resist corrosion {unknown}
Wands
 g - a wand of flame (7)
Scrolls
 n - a scroll of remove curse
 o - a scroll of amnesia
 w - 4 scrolls of identify
 x - a scroll of noise {unknown}
Potions
 e - 2 potions of cancellation
 h - 2 potions of resistance
 j - a potion of flight
 l - 2 potions of lignification
 s - a potion of degeneration {unknown}
 u - a potion of ambrosia
 v - a potion of agility
Comestibles
 f - a ration


   Skills:
 - Level 8.4 Fighting
 - Level 9.0 Maces & Flails
 - Level 3.2 Armour
 + Level 10.2 Shields


You had 9 spell levels left.
You didn't know any spells.
Your spell library was empty.

Dungeon Overview and Level Annotations

Branches:
Dungeon (8/15)             Temple (1/1) D:7
   Lair: D:8-11

Altars:
Ashenzari
Dithmenos
Elyvilon
Fedhas
Gozag
Hepliaklqana
Kikubaaqudgha
Makhleb
Nemelex Xobeh
Okawaru
Qazlal
Ru
Sif Muna
Trog
Uskayaw
Vehumet
Wu Jian
Xom
Yredelemnul
Zin
The Shining One

Annotations:
D:5 1 runed translucent door


Innate Abilities, Weirdness & Mutations

You are resistant to torment.
Your stone body is resilient. (AC +7)
You are immune to poison.
You resist negative energy. (rN+)
You are resistant to electric shocks. (rElec)
You can survive without breathing.
You are immune to petrification.
You are immune to rotting.


Message History

Beogh smites you!
* * * LOW HITPOINT WARNING * * *
You block the yak's attack.
You hit the yak.
The yak is heavily wounded.
The yak gores you but does no damage. The yak gores you!
* * * LOW HITPOINT WARNING * * *
Unknown command.
You sock the yak!
The yak is severely wounded.
The yak gores you but does no damage.
The orc priest looks braver for a moment.
The yak gores you.
* * * LOW HITPOINT WARNING * * *
The yak gores you but does no damage.
You hit the yak but do no damage.
The yak is severely wounded.
The orc priest calls down the wrath of Beogh upon you.
Beogh smites you!
You die...

####.#.##
..))...#
..
..[#####
.# ..##
#.## #.#
... #.#
..#
..########
..#
..........
###o.####.
#.########
#@Yoo.....
..#
#Y#Yl####.
..# #h#..#
..# #....#
..# #o.#o#
### #..#.#
# #..#o# #
...#o# #
#..#


You could see 3 yaks, a warg, an iguana, 2 orc priests and 2 orcs.

Vanquished Creatures
  A two-headed ogre (D:7)
  Grinder (D:3)
  2 yaks (D:8)
  A warg (D:8)
  2 orc warriors
  A black bear (D:7)
  2 ogres
  2 centaurs (D:7)
  2 bullfrogs
  A big kobold (D:7)
  2 scorpions (D:7)
  4 killer bees
  2 bullfrog zombies
  A howler monkey (D:6)
  4 crimson imps
  4 centaur skeletons
  3 hounds
  A jelly (D:5)
  Crazy Yiuf (D:4)
  6 orc priests
  8 orc wizards
  3 iguanas
  4 worker ants
  A hound zombie (D:5)
  3 hound skeletons
  4 gnolls
  5 adders
  An ooze (D:3)
  An adder zombie (D:7)
  2 worms
  2 dart slugs
  4 leopard geckos
  37 orcs
  A ball python (D:1)
  8 bats
  4 giant cockroaches
  5 goblins
  5 hobgoblins
  8 jackals
  3 quokkas
  A ball python skeleton (D:5)
  2 frilled lizards (D:1)
  A jackal skeleton (D:5)
  16 kobolds
  A leopard gecko skeleton (D:6)
  A quokka skeleton (D:5)
  8 rats
182 creatures vanquished.

Notes
Turn   | Place    | Note
-------+----------+-------------------------------------------
     0 | D:1      | poirepourri the Gargoyle Fighter began the quest for the
                  | Orb.
     0 | D:1      | Reached XP level 1. HP: 14/14 MP: 1/1
    65 | D:1      | Reached XP level 2. HP: 2/19 MP: 2/2
   654 | D:1      | Reached XP level 3. HP: 23/23 MP: 3/3
  1293 | D:2      | Reached XP level 4. HP: 28/28 MP: 4/4
  1466 | D:2      | You fall into a shaft and drop 2 floors!
  1466 | D:4      | Found a shadowy altar of Dithmenos.
  1466 | D:4      | Found a basalt altar of Yredelemnul.
  1507 | D:4      | Found an ornate altar of the Wu Jian Council.
  1831 | D:4      | Found a runed translucent door.
  1832 | D:4      | Noticed Crazy Yiuf
  1865 | D:4      | Killed Crazy Yiuf
  1865 | D:4      | Reached skill level 5 in Maces & Flails
  1865 | D:4      | Reached XP level 5. HP: 26/32 MP: 5/5
  2153 | D:3      | Found a shimmering blue altar of Sif Muna.
  2462 | D:2      | Found a hazy altar of Hepliaklqana.
  2566 | D:3      | Noticed Grinder
  2584 | D:3      | Paralysed by Grinder for 3 turns
  2599 | D:3      | Killed Grinder
  2599 | D:3      | Reached XP level 6. HP: 25/37 MP: 1/6
  2918 | D:3      | Reached XP level 7. HP: 20/41 MP: 4/7
  3439 | D:5      | Entered Level 5 of the Dungeon
  3605 | D:5      | Found a runed translucent door.
  3605 | D:5      | Found a glowing silver altar of Zin.
  3605 | D:5      | Noticed an angel
  3799 | D:5      | Reached XP level 8. HP: 35/46 MP: 6/8
  4623 | D:6      | Reached skill level 5 in Fighting
  5123 | D:7      | Found a staircase to the Ecumenical Temple.
  5144 | Temple   | Entered the Ecumenical Temple
  5383 | Temple   | Became a worshipper of Warmaster Okawaru
  5446 | D:7      | Reached XP level 9. HP: 59/59 MP: 9/9
  5530 | D:7      | Noticed a two-headed ogre
  5980 | D:7      | Reached skill level 4 in Shields
  5998 | D:7      | Found a sparkling altar of Nemelex Xobeh.
  6000 | D:7      | Found a stormy altar of Qazlal.
  6000 | D:7      | Found a blossoming altar of Fedhas.
  6002 | D:7      | Found a shimmering altar of Xom.
  6002 | D:7      | Found an opulent altar of Gozag.
  6002 | D:7      | Found a basalt altar of Yredelemnul.
  6024 | D:7      | Killed a two-headed ogre
  6024 | D:7      | Reached * piety under Okawaru
  6024 | D:7      | Reached skill level 7 in Shields
  6028 | D:7      | HP: 2/90 [orc priest/divine providence (10)]
  6354 | D:7      | Reached ** piety under Okawaru
  6375 | D:6      | Reached skill level 8 in Shields
  6588 | D:7      | Found a burning altar of Makhleb.
  6589 | D:7      | Found a radiant altar of Vehumet.
  6868 | D:7      | Reached skill level 9 in Shields
  7138 | D:8      | Reached XP level 10. HP: 51/65 MP: 10/10
  7157 | D:8      | Reached skill level 10 in Shields
  7174 | D:8      | Killed from afar by an orc priest

Levels and vault maps discovered:
D:1:      tarquinn_simple_flora_water_e, layout_basic
D:2:      layout_loops_ring, old_standard_altar, first_ration, moated_statue,
          minmay_misc_feat_cross
D:3:      layout_basic, old_standard_altar, uniq_grinder
D:4:      layout_rooms, gammafunk_temple_overflow_forgotten,
          uniq_crazy_yiuf_cottage
D:5:      layout_loops_corners, lemuel_angel_altar
D:6:      layout_rooms
D:7:      layout_cave_pools, grunt_temple_overflow_lords_of_destruction,
          doesnt_xom_only_xom, temple_fountains
D:8:      layout_loops_ring, cheibriados_altar_1, erik_lair_orcish_takeover,
          minmay_strange_pillars
Temple:   nicolae_temple_figure_eight

Skill      XL: |  1  2  3  4  5  6  7  8  9 10 |
---------------+-------------------------------+-----
Maces & Flails | 3 4 5 7 9 |  9.0
Fighting       | 8 |  8.4
Shields        | 9 10 | 10.2
Armour         | |  3.2

Action                   |  1- 3 |  4- 6 |  7- 9 | 10-12 || total
-------------------------+-------+-------+-------+-------++-------
Melee: Flail             |   130 |   149 |   449 |    34 ||   762
Throw: Boomerang         |       |       |     6 |       ||     6
Evoke: Wand              |       |       |     4 |       ||     4
  Use: Scroll            |     4 |    10 |     3 |       ||    17
       Potion            |       |     4 |     6 |       ||    10
  Eat: Ration            |     1 |     1 |     5 |       ||     7
Armor: Scale mail        |    77 |    88 |   294 |    35 ||   494
       Skin              |       |       |    47 |       ||    47
Dodge: Dodged            |    47 |    49 |   195 |     9 ||   300
Block: Shield            |    76 |    81 |   298 |    30 ||   485
